AoeStats
← 体制少妇白洁

Fortress

507737912Analyzed
4v4 RM · 13d ago on Sep 19, 2026· 39m 24s· 8 players
Game mode
Random Map
Map size
Huge
Population
200
Speed
Normal
Resources
Standard
Victory
Conquest
Starting age
Dark Age
Ending age
Imperial Age
RankedLock teamsTeams togetherTeam positionsShared explorationLock speedFull tech treeHidden civsTurbo modeCheats
Victory
Defeat
🇭🇰 Magyars · Hong Kong SAR China
1504
+12
🇨🇳 Bohemians · China
1453
+14
🇨🇳 Byzantines · China
1355
+18
🇻🇳 Khmer · Vietnam
1480
-19
🇮🇳 Goths · India
1421
-16
🇬🇪 Bohemians · Georgia
1355
-14
🇨🇴 Persians · Colombia
1333
-13
体制少妇白洁
6:58 Feudal Age
7:38 Double-Bit Axe
7:36 Horse Collar
12:55 Castle Age
13:56 Bow Saw
15:15 Wheelbarrow
14:47 Heavy Plow
21:59 Gold Mining
22:34 Hand Cart
23:17 Gold Shaft Mining
23:26 Loom
27:34 Imperial Age
25:20 Fletching
25:30 Padded Archer Armor
26:26 Thumb Ring
26:16 Bodkin Arrow
27:14 Ballistics
27:11 Leather Archer Armor
27:30 Clinker Construction
27:32 Bloodlines
27:23 Husbandry
28:17 Bracer
28:47 Ring Archer Armor
29:19 Chemistry
28:29 Clinker Construction
28:21 Heavy Cavalry Archer
30:13 Parthian Tactics
30:24 Recurve Bow
31:34 Caravan
32:40 Conscription
33:38 Corvinian Army
33:45 Scale Barding Armor
34:10 Elite Magyar Huszar
37:04 Chain Barding Armor
夫国之有民,犹水之有舟,停则以安,扰则以危
7:29 Feudal Age
8:08 Double-Bit Axe
8:08 Horse Collar
11:08 Castle Age
8:57 Double-Bit Axe
12:32 Bow Saw
20:30 Wheelbarrow
21:37 Heavy Plow
22:49 Hand Cart
22:44 Gold Mining
23:22 Stone Mining
24:54 Stone Shaft Mining
24:54 Gold Shaft Mining
27:39 Imperial Age
24:57 Loom
25:20 Town Watch
25:48 Scale Barding Armor
25:54 Forging
26:31 Forging
26:40 Bloodlines
26:49 Husbandry
28:17 Chain Barding Armor
28:54 Elite War Elephant
30:13 Crop Rotation
30:42 Plate Barding Armor
30:57 Conscription
31:16 Iron Casting
31:56 Two-Man Saw
31:20 Caravan
32:46 Hoardings
31:41 Sappers
34:58 Citadels
37:46 Guilds
38:59 Blast Furnace
FoLuo
7:39 Feudal Age
8:17 Double-Bit Axe
11:15 Castle Age
9:21 Horse Collar
15:33 Wheelbarrow
17:09 Bow Saw
17:59 Hand Cart
19:20 Gold Mining
19:33 Heavy Plow
20:53 Loom
22:06 Gold Shaft Mining
24:24 Imperial Age
22:31 Scale Barding Armor
22:36 Forging
23:18 Husbandry
24:18 Chain Barding Armor
25:33 Iron Casting
24:37 Cavalier
27:09 Plate Barding Armor
26:09 Paladin
26:27 Heavy Camel Rider
28:34 Two-Man Saw
29:07 Crop Rotation
30:22 Coinage
30:27 Conscription
32:34 Stone Mining
33:46 Banking
36:37 Hoardings
35:47 Elite Cataphract
37:24 Stone Shaft Mining
37:31 Logistica
39:29 Fletching
cookie tin
8:46 Feudal Age
9:34 Horse Collar
9:53 Double-Bit Axe
13:02 Castle Age
18:11 Imperial Age
16:18 Bow Saw
16:35 Fervor
18:13 Chemistry
17:51 Loom
20:24 Redemption
21:41 Block Printing
22:24 Wheelbarrow
23:45 Fletching
25:21 Sanctity
25:24 Wagenburg Tactics
27:00 Theocracy
30:25 Hand Cart
30:16 Bodkin Arrow
30:35 Siege Engineers
31:12 Town Watch
32:47 Illumination
34:32 Houfnice
35:38 Bodkin Arrow
36:24 Conscription
37:07 Pikeman
37:47 Squires
37:49 Scale Mail Armor
38:12 Elite Hussite Wagon
39:10 Chain Mail Armor
39:41 Town Patrol
Pawo
8:13 Feudal Age
9:07 Double-Bit Axe
12:01 Castle Age
9:47 Horse Collar
12:52 Bow Saw
13:04 Heavy Plow
17:37 Fervor
20:02 Wheelbarrow
23:26 Chemistry
26:06 Imperial Age
24:14 Devotion
24:54 Loom
28:49 Conscription
[LGP] Shiroo
4:38 Loom
7:12 Feudal Age
7:38 Double-Bit Axe
7:35 Horse Collar
15:15 Castle Age
17:17 Bow Saw
17:08 Heavy Plow
20:57 Stone Mining
20:58 Gold Mining
27:16 Imperial Age
25:19 Scale Barding Armor
25:57 Husbandry
26:09 Forging
25:51 Town Watch
26:42 Wheelbarrow
26:48 Wheelbarrow
27:21 Chain Barding Armor
26:56 Heavy Camel Rider
29:25 Plate Barding Armor
30:50 Gold Shaft Mining
31:14 Iron Casting
33:52 Hoardings
35:05 Scale Mail Armor
34:32 Pikeman
35:07 Halberdier
36:09 Chain Mail Armor
37:41 Blast Furnace
Vishu
7:44 Feudal Age
6:04 Loom
7:52 Feudal Age
11:49 Castle Age
9:45 Horse Collar
10:07 Double-Bit Axe
13:07 Bow Saw
21:31 Loom
22:57 Wheelbarrow
23:08 Town Watch
26:18 Imperial Age
23:21 Man-at-Arms
24:04 Squires
24:07 Scale Mail Armor
24:26 Long Swordsman
24:31 Pikeman
25:28 Chain Mail Armor
25:24 Forging
25:27 Masonry
25:50 Caravan
26:26 Anarchy
26:49 Heavy Plow
27:12 Gold Mining
28:02 Perfusion
28:23 Conscription
27:31 Two-Handed Swordsman
27:39 Two-Handed Swordsman
29:22 Iron Casting
30:54 Elite Huskarl
31:22 Halberdier
34:25 Champion
Viet Nam Strategy
8:23 Feudal Age
9:45 Wheelbarrow
9:04 Double-Bit Axe
9:42 Horse Collar
12:26 Castle Age
13:22 Hand Cart
13:27 Bow Saw
13:19 Heavy Plow
19:19 Loom
19:23 Town Watch
24:57 Imperial Age
22:41 Gold Mining
23:51 Pikeman
24:23 Fletching
24:33 Padded Archer Armor
25:01 Arson
25:28 Forging
25:19 Scale Mail Armor
25:14 Bodkin Arrow
25:47 Ballistics
25:07 Elite Ballista Elephant
26:18 Caravan
26:50 Coinage
25:56 Halberdier
28:25 Chemistry
27:43 Leather Archer Armor
28:09 Iron Casting
27:52 Chain Mail Armor
28:18 Iron Casting
28:58 Conscription
28:52 Double Crossbow
29:22 Bracer
30:42 Gold Shaft Mining
30:26 Stone Mining
31:47 Blast Furnace
31:32 Ring Archer Armor
39:27 Scale Barding Armor
Connection lost

Rejoining the realm…

Still unreachable

The connection could not be restored.

Session expired

The server has moved on; the page needs a fresh start.